 Dungeon Crawl Stone Soup version 0.22.0-16-gc6d26f6 (webtiles) character file.

36 Amnesiac the Chiller (level 3, -8/24 HPs)
             Began as a Mummy Ice Elementalist on Aug 17, 2018.
             Mangled by a gnoll
             ... wielding a +0 halberd
              (12 damage)
             ... on level 2 of the Dungeon.
             The game lasted 00:01:50 (892 turns).

Amnesiac the Chiller (Mummy Ice Elementalist)        Turns: 892, Time: 00:01:51

Health: -8/24      AC:  6    Str: 11    XL:     3   Next: 19%
Magic:  5/7        EV: 10    Int: 15    God:
Gold:   25         SH:  0    Dex: 12    Spells: 7/8 levels left

rFire    x . .     SeeInvis .   (no weapon)
rCold    + . .     Gourm    .   (no shield)
rNeg     + + +     Faith    .   c - +0 ring mail
rPois    ∞         Spirit   .   d - +1 hat
rElec    .         Reflect  .   (no cloak)
rCorr    .         Harm     .   (no gloves)
MR       .....                  (no boots)
Stlth    +.........             (no amulet)
HPRegen  0.08/turn              (no ring)
MPRegen  0.10/turn              (no ring)

@: no status effects
A: no food or potions, fire vulnerability, cold resistance 1, negative energy
resistance 3, torment resistance, unbreathing
a: no special abilities


You were on level 2 of the Dungeon.
You were not hungry.

You visited 1 branch of the dungeon, and saw 2 of its levels.

You collected 25 gold pieces.

Inventory:

Armour
 a - a +0 robe
 c - a +0 ring mail (worn)
 d - a +1 hat (worn)
Scrolls
 b - 3 scrolls of identify {!r, unknown}
 e - a scroll of remove curse {!r, unknown}


   Skills:
 - Level 1.5 Dodging
 - Level 1.5 Stealth
 + Level 3.2 Spellcasting
   Level 0.7 Conjurations
 * Level 3.3 Ice Magic


You had 7 spell levels left.
You knew the following spells:

 Your Spells              Type           Power        Failure   Level  Hunger
a - Freeze                Ice            ##..         12%         1    N/A

Your spell library contained the following spells:

 Spells                   Type           Power        Failure   Level  Hunger
 Throw Frost              Conj/Ice       #.....       30%         2    N/A
 Summon Ice Beast         Ice/Summ       #.......     94%         4    N/A
 Ozocubu's Armour         Chrm/Ice       #.......     58%         3    N/A
 Throw Icicle             Conj/Ice       #.......     90%         4    N/A

Dungeon Overview and Level Annotations

Branches:
Dungeon (2/15)

Altars:
Okawaru


Innate Abilities, Weirdness & Mutations

You do not eat or drink.
Your flesh is vulnerable to fire.
You are immune to poison.
Your flesh is cold resistant. (rC+)
You are immune to negative energy. (rN+++)
You are immune to unholy pain and torment.
You can survive without breathing.


Message History

You miscast Freeze.
You are very lightly contaminated with residual magic.
You feel a strange surge of energy!
Casting: Freeze (safe; 12% risk of failure)
Confirm with . or Enter, or press ? or * to list all spells.
Aiming: Freeze (safe; 12% risk of failure)
Press: ? - help, Shift-Dir - straight line, f/p - leopard gecko
Aim: a leopard gecko (severely wounded, slow, clinging)
You miscast Freeze.
You hear a crackling sound.
The leopard gecko bites you but does no damage.
The leopard gecko bites you but does no damage.
Casting: Freeze (safe; 12% risk of failure)
Confirm with . or Enter, or press ? or * to list all spells.
Aiming: Freeze (safe; 12% risk of failure)
Press: ? - help, Shift-Dir - straight line, f/p - leopard gecko
Aim: a leopard gecko (severely wounded, slow, clinging)
You freeze the leopard gecko.
You kill the leopard gecko!
The worm bites you.
* * * LOW HITPOINT WARNING * * *
As you open the door, it creaks loudly!
You hear a shout!
There is an open door here.
There's a creature in the doorway!
A rat comes into view.
You open the door.
There is an open door here.
You close the door.
You start resting.
Magic restored.
You start resting.
Your magical contamination has completely faded away.
You start resting.
HP restored.
You start resting.
HP restored.
You open the door.
There is an open door here.
A goblin comes into view. It is wielding a club.
The goblin shouts!
There is a stone staircase leading down here.
You climb downwards.
The gnoll hits you with a halberd.
There is a stone staircase leading up here.
Casting: Freeze (safe; 12% risk of failure)
Confirm with . or Enter, or press ? or * to list all spells.
Aiming: Freeze (safe; 12% risk of failure)
Press: ? - help, Shift-Dir - straight line, f - gnoll
Aim: a gnoll, wielding a halberd You freeze the gnoll.
The gnoll is moderately wounded.
The gnoll hits you with a halberd!
* * * LOW HITPOINT WARNING * * *
The gnoll hits you from afar with a halberd!
* * * LOW HITPOINT WARNING * * *
Casting: Freeze (safe; 12% risk of failure)
Confirm with . or Enter, or press ? or * to list all spells.
Aiming: Freeze (safe; 12% risk of failure)
Press: ? - help, Shift-Dir - straight line, f/p - gnoll
Aim: a gnoll, wielding a halberd (moderately wounded)
You freeze the gnoll.
The gnoll is severely wounded.
The gnoll hits you with a halberd!
Ouch! That really hurt!
You die...

#.#
#.#
#.#
#.#
#.#
#g#
#g#
#g#
#@#
###


You could see 2 gnolls and a hobgoblin.

Vanquished Creatures
  An adder (D:2)
  A worm (D:2)
  3 leopard geckos (D:1)
  2 bats
  A giant cockroach (D:2)
  2 goblins (D:1)
  4 hobgoblins
  4 kobolds
18 creatures vanquished.

Notes
Turn   | Place    | Note
-------+----------+-------------------------------------------
     0 | D:1      | Amnesiac the Mummy Ice Elementalist began the quest for the Orb.
     0 | D:1      | Reached XP level 1. HP: 13/13 MP: 4/4
   117 | D:1      | Reached XP level 2. HP: 19/19 MP: 1/5
   426 | D:2      | Reached XP level 3. HP: 17/24 MP: 2/7
   580 | D:2      | Found an iron altar of Okawaru.
   892 | D:2      | Mangled by a gnoll

Skill      XL: |  1  2 |
---------------+-------+-----
Ice Magic      | 3 |  3.3
Spellcasting   | 3 |  3.2
Dodging        | |  1.5
Stealth        | |  1.5
Conjurations   | |  0.7

Action                   || total
-------------------------++-------
 Cast: Freeze            ||    42
Armor: Ring mail         ||     9
Dodge: Dodged            ||    20
